Map: Orbital Shipyard

Players

ImotoFantasy - Winner!

  • Race: Protoss Protoss
  • League: Platinum

IIIIIIIIIIII

  • Race: Terran Terran
  • League: Platinum

VOD

Have the link to the VOD?

Description

Time

  • Played on: Oct. 29, 2015, 11:10 p.m.
  • Length: 10:14
Show
View Real Time Build Order
Export as new Build Order

ImotoFantasy Protoss - Winner!

Build Orders:  

Get SALT Encoding   

  12  0:01  Probe (Chrono Boost)  
  13  0:12  Probe (Chrono Boost)  
  14  0:18  Pylon  
  14  0:22  Probe (Chrono Boost)  
  15  0:36  Probe (Chrono Boost)  
  15  0:39  Gateway  
  16  0:46  Assimilator  
  16  0:47  Probe (Chrono Boost)  
  17  0:57  Probe (Chrono Boost)  
  18  1:08  Probe (Chrono Boost)  
  19  1:12  Pylon  
  20  1:18  Probe (Chrono Boost)  
  20  1:29  Probe (Chrono Boost)  
  21  1:35  Cybernetics Core  
  21  1:49  Nexus  
  21  1:52  Probe (Chrono Boost)  
  22  2:00  Assimilator  
  22  2:02  Probe (Chrono Boost)  
  23  2:11  Warp Gate (Chrono Boost)  
  23  2:13  Probe (Chrono Boost)  
  24  2:24  Probe  
  25  2:32  Pylon  
  25  2:34  Stalker  
  26  2:39  Probe  
  27  2:46  Gateway  
  27  2:47  Gateway  
  27  2:53  Probe  
  28  3:02  Probe  
  30  3:05  Probe  
  30  3:10  Stalker  
  30  3:12  Probe  
  33  3:22  Probe  
  33  3:23  Probe  
  35  3:31  Pylon  
  35  3:33  Probe  
  35  3:35  Probe  
  35  3:36  Stalker x2 (Chrono Boost)  
  41  3:48  Probe x2  
  43  4:00  Probe x2  
  45  4:11  Sentry  
  45  4:14  Stalker x2  
  45  4:15  Probe x2  
  53  4:24  Nexus  
  49  4:35  Twilight Council  
  49  4:38  Probe x2, Pylon  
  51  4:48  Sentry  
  51  4:49  Sentry, Stalker  
  51  4:52  Probe x2  
  59  4:59  Assimilator  
  59  5:04  Probe x2, Assimilator  
  61  5:07  Pylon  
  61  5:13  Stalker x3  
  67  5:17  Probe x2  
  68  5:39  Stalker x2  
  68  5:40  Stalker  
  74  5:48  Probe x3  
  77  5:53  Blink (Chrono Boost)  
  77  5:58  Probe x2  
  77  6:00  Probe  
  80  6:04  Forge x2  
  80  6:07  Pylon  
  80  6:12  Robotics Facility  
  80  6:14  Gateway x2  
  80  6:17  Probe x2  
  81  6:18  Probe  
  81  6:21  Assimilator  
  83  6:25  Assimilator  
  83  6:27  Pylon  
  83  6:28  Probe x2  
  83  6:30  Probe  
  86  6:39  Probe, Gateway  
  86  6:41  Gateway  
  86  6:43  Protoss Ground Weapons Level 1 (Chrono Boost)  
  86  6:44  Protoss Ground Armor Level 1 (Chrono Boost)  
  86  6:45  Probe, Pylon  
  88  6:48  Mothership Core  
  88  6:51  Pylon  
  91  7:01  Observer  
  91  7:03  Probe x2  
  91  7:08  Probe, Pylon  
  94  7:18  Gateway  
  94  7:22  Gateway, Observer  
  81  7:30  Pylon  
  81  7:33  Stalker  
  81  7:34  Stalker x4  
  89  7:38  Pylon  
  89  7:42  Pylon  
  89  7:44  Immortal  
  93  7:45  Charge (Chrono Boost)  
  93  7:52  Zealot x2  
  97  7:59  Zealot x4  
  97  8:00  Zealot  
  97  8:04  Photon Cannon  
  107  8:14  Zealot x2  
  111  8:28  Zealot x2  
  111  8:29  Zealot x4  
  117  8:40  Zealot x3  
  107  8:56  Sentry x2  
  107  8:57  Stalker x4  
  107  9:00  Probe x2  
  107  9:01  Probe  
  122  9:04  Stalker  
  122  9:05  Stalker x2  
  128  9:13  Robotics Facility  
  128  9:17  Robotics Facility  
  117  9:34  Stalker  
  117  9:35  Stalker x4  
  104  10:06  Stalker  
  102  10:07  Stalker x2  
  102  10:08  Stalker x4  
Show
View Real Time Build Order
Export as new Build Order

IIIIIIIIIIII Terran 

Build Orders: MMM Bio 

Get SALT Encoding   

  12  0:01  SCV  
  13  0:13  SCV  
  14  0:18  Supply Depot  
  14  0:25  SCV  
  15  0:32  Refinery  
  15  0:39  SCV  
  16  0:44  Barracks  
  16  0:51  SCV  
  17  1:04  SCV  
  18  1:17  SCV  
  19  1:32  Orbital Command  
  19  1:34  Barracks Reactor  
  19  1:44  Command Center  
  19  1:58  Supply Depot  
  19  2:04  SCV  
  20  2:11  Marine x2  
  22  2:16  SCV  
  23  2:29  Marine x2  
  23  2:36  Barracks  
  25  2:41  Barracks  
  25  2:42  SCV  
  26  2:51  Marine x2  
  26  2:54  SCV  
  26  2:58  Orbital Command  
  29  3:06  SCV  
  29  3:09  Supply Depot, Marine x2  
  32  3:18  SCV  
  32  3:19  Engineering Bay  
  33  3:24  Barracks Tech Lab  
  33  3:29  Barracks Tech Lab  
  33  3:30  SCV, Refinery  
  33  3:33  SCV  
  35  3:38  Marine x2  
  37  3:42  SCV  
  37  3:45  SCV  
  37  3:46  Stimpack, Marine  
  40  3:54  SCV  
  41  3:57  Marauder  
  42  4:04  Marine x2  
  44  4:13  Marauder  
  44  4:16  SCV, Refinery  
  47  4:17  Refinery  
  47  4:20  Combat Shields  
  47  4:21  Marine  
  47  4:22  Reaper, Marine  
  50  4:24  Bunker  
  50  4:32  SCV  
  50  4:36  SCV  
  50  4:37  Marauder  
  54  4:41  Supply Depot x2  
  54  4:42  Engineering Bay  
  54  4:53  Missile Turret  
  54  4:54  Factory  
  54  5:02  Marine x2  
  54  5:04  SCV  
  57  5:10  Marine  
  57  5:11  Missile Turret, Marauder  
  60  5:17  SCV  
  60  5:21  Missile Turret  
  61  5:22  SCV  
  62  5:30  SCV  
  62  5:34  SCV  
  64  5:47  Marine x2  
  64  5:48  Marauder x2  
  69  5:50  Factory Reactor  
  69  5:52  Starport  
  67  6:04  Concussive Shells  
  67  6:05  Marine  
  67  6:08  SCV  
  67  6:09  Marauder  
  70  6:16  Supply Depot  
  70  6:17  Supply Depot  
  69  6:25  SCV  
  70  6:34  Command Center  
  70  6:37  Marine x2  
  70  6:38  SCV, Marauder x2  
  77  6:40  Medivac x2  
  77  6:45  Terran Infantry Weapons Level 1  
  80  7:00  SCV  
  81  7:03  SCV  
  81  7:06  Marauder, Marine x2  
  86  7:09  Barracks  
  86  7:10  Medivac x2  
  86  7:11  Marine  
  86  7:12  Barracks  
  91  7:23  Marine  
  91  7:24  Factory Reactor  
  91  7:27  Marauder  
  91  7:31  SCV  
  92  7:40  Marine  
  92  7:41  Marine  
  94  7:46  Supply Depot, Marauder, SCV x2  
  94  7:47  Supply Depot  
  94  7:49  Marauder  
  100  7:57  Marine  
  101  8:01  Barracks Tech Lab  
  101  8:02  Barracks Tech Lab  
  101  8:05  Medivac x2  
  105  8:07  SCV  
  105  8:08  SCV, Marauder  
  105  8:10  Starport  
  109  8:13  Marine  
  109  8:14  Marauder  
  111  8:21  Marine x2  
  111  8:22  Marauder  
  115  8:29  Marauder  
  109  8:40  Marine x2  
  109  8:41  Marauder x2  
  100  8:43  Marine  
  100  8:44  SCV  
  88  8:49  Orbital Command  
  88  8:51  Marauder  
  90  8:58  Marine  
  90  8:59  SCV  
  90  9:01  Marauder  
  90  9:02  Marine x2  
  94  9:03  Marauder  
  94  9:08  SCV  
  99  9:11  SCV  
  99  9:12  Marauder  
  102  9:19  SCV  
  102  9:20  SCV  
  102  9:21  Marauder, Marine  
  102  9:23  SCV  
  101  9:31  Marauder, Marine x2  
  92  9:32  SCV x2  
  92  9:33  Marauder  
  92  9:36  SCV  
  88  9:41  Supply Depot  
  88  9:43  Marauder  
  88  9:44  SCV  
  90  9:49  SCV  
  77  9:55  Marine  
  77  9:56  Marine  
  66  10:02  SCV  
Tags
 
Add a new tag
Caveats
  • Supply blocks, unpowered buildings, or Contaminate may cause inaccurate times.
  • Supply counts are checked every 10 seconds.